 Dungeon Crawl Stone Soup version 0.23-a0-358-g98c7a59 (webtiles) character file.

1831 galech the Chopper (level 8, -1/91 HPs)
             Began as a Demonspawn Fighter on Oct 22, 2018.
             Slain by a killer bee (2 damage)
             ... on level 8 of the Dungeon.
             The game lasted 00:09:01 (6314 turns).

galech the Chopper (Demonspawn Fighter)             Turns: 6314, Time: 00:09:02

Health: -1/91      AC: 24    Str: 17    XL:     8   Next: 86%
Magic:  9/9        EV:  2    Int: 10    God:
Gold:   570        SH: 10    Dex: 14    Spells: 7/7 levels left

rFire    + . .     SeeInvis .   a - +0 war axe
rCold    . . .     Gourm    .   c - +0 shield
rNeg     + + +     Faith    .   (armour currently unavailable)
rPois    +         Spirit   .   (helmet currently unavailable)
rElec    .         Reflect  .   (cloak currently unavailable)
rCorr    .         Harm     .   (gloves currently unavailable)
MR       .....     NoTele   +   (boots currently unavailable)
Stlth    ++........             v - amulet of rage
HPRegen  0.25/turn              A - ring of protection from fire
MPRegen  0.11/turn              (no ring)

@: lethally poisoned (-1 -> -6), tree-form, berserk cooldown, slowed, very slow
A: powered by death 1
a: Evoke Berserk Rage


You were on level 8 of the Dungeon.
You were hungry.
You were a tree.
You visited 2 branches of the dungeon, and saw 9 of its levels.

You collected 570 gold pieces.

Inventory:

Hand Weapons
 a - a +0 war axe (weapon)
 u - a +0 hand axe of freezing
Armour
 c - a +0 shield (worn)
 o - a +0 chain mail (melded)
 r - a +0 helmet (melded)
 D - a +2 pair of gloves (melded)
Jewellery
 v - an amulet of rage (around neck)
 A - a ring of protection from fire (left branch)
Wands
 x - a wand of random effects (21)
 C - a wand of flame (24)
 F - a wand of paralysis (20)
Scrolls
 b - 4 scrolls of identify
 e - 4 scrolls of remove curse
 p - a scroll of noise
 q - 4 scrolls of amnesia
 s - a scroll of teleportation
 t - 6 scrolls of enchant weapon
 y - 2 scrolls of immolation {unknown}
 B - 2 scrolls of fog {unknown}
 I - a scroll of silence {unknown}
 J - a scroll of fear {unknown}
Potions
 d - 2 potions of might
 g - a potion of agility {unknown}
 h - 3 potions of flight
 i - a potion of degeneration {unknown}
 j - a potion of resistance {unknown}
 k - 3 potions of heal wounds {unknown}
 l - 2 potions of magic {unknown}
 m - 4 potions of lignification
 n - 2 potions of haste {unknown}
 w - a potion of invisibility {unknown}
 z - a potion of mutation {unknown}
 E - a potion of brilliance {unknown}
Comestibles
 f - 20 rations


   Skills:
 + Level 4.5 Fighting
 + Level 6.7 Axes
 + Level 5.8 Armour
 + Level 1.7 Dodging
 + Level 0.8 Stealth
 + Level 5.4 Shields
 + Level 1.3 Evocations


You had 7 spell levels left.
You didn't know any spells.
Your spell library contained the following spells:

 Spells                   Type           Power        Failure   Level  Hunger
 Beastly Appendage        Tmut           #.....       78%         1    ##.....
 Magic Dart               Conj           #...         78%         1    ##.....
 Searing Ray              Conj           #.....       89%         2    ###....
 Sticks to Snakes         Tmut           #.......     89%         2    ###....
 Dazzling Spray           Conj/Hex       #.....       98%         3    ####...
 Spider Form              Tmut/Pois      #.........   98%         3    ####...
 Force Lance              Conj/Tloc      #.......     100%        4    #####..
 Fulminant Prism          Conj/Hex       #.........   100%        4    #####..
 Ice Form                 Ice/Tmut       #.......     100%        4    #####..
 Iskenderun's Mystic Bla  Conj           #.......     100%        4    #####..
 Blade Hands              Tmut           #.........   100%        5    ######.


Dungeon Overview and Level Annotations

Branches:
Dungeon (8/15)             Temple (1/1) D:6
   Lair: D:8-11

Altars:
Ashenzari
Cheibriados
Dithmenos
Fedhas
Gozag
Hepliaklqana
Kikubaaqudgha
Makhleb
Nemelex Xobeh
Qazlal
Ru
Sif Muna
Trog
Uskayaw
Vehumet
Wu Jian
Xom
Yredelemnul
Zin
The Shining One

Shops:
D:4 *

Annotations:
D:8 Prince Ribbit


Innate Abilities, Weirdness & Mutations

((You have sharp toenails.))
((You are partially covered in large bone plates. (SH +4)))
You regenerate a little health from kills.


Message History

The killer bee stings you but does no damage. x2
You block the killer bee's attack.
The killer bee stings you but does no damage.
The killer bee stings you.
* * * LOW HITPOINT WARNING * * *
You are more poisoned.
The killer bee poisons you!
The killer bee stings you but does no damage. x2
You completely miss the killer bee.
The killer bee is lightly wounded.
You barely miss the killer bee. You miss the killer bee.
* * * LOW HITPOINT WARNING * * *
You feel sick. You block the killer bee's attack. The killer bee stings you.
* * * LOW HITPOINT WARNING * * *
You block the killer bee's attack.
The killer bee stings you but does no damage.
You block the killer bee's attack.
The killer bee stings you but does no damage. x2
You block the killer bee's attack. The killer bee stings you.
You die...

#.! .####$...
..# #...
......!.. #..#
#...##........
.. #
#.......y....
..#
#............
...
#............
.##
##.##yy......
# #yyyZy......
...
#.♣#####....
.## #..# ##.
#..# #.# #..#
#.# #.># #.#
#..# #####.#
#..# #.....#
#..####.....#
#...........#


You could see 7 killer bees and a hound zombie.

Vanquished Creatures
  A centaur skeleton (D:7)
  Duvessa (D:7)
  A sky beast (D:8)
  An orc warrior (D:7)
  A phantom (D:6)
  A black bear (D:6)
  An ogre (D:6)
  A centaur (D:7)
  Blork the orc (D:5)
  2 bullfrogs
  Dowan (D:7)
  3 killer bees (D:8)
  An electric eel (D:7)
  3 crimson imps
  An orc priest (D:4)
  An orc wizard (D:7)
  2 hounds
  A bullfrog skeleton (D:8)
  2 worker ants
  2 hound skeletons (D:6)
  Robin (D:2)
  6 adders
  4 shadow imps
  2 oozes (D:3)
  An adder zombie (D:5)
  3 dart slugs
  6 leopard geckos
  11 orcs
  2 ball pythons
  4 giant cockroaches
  15 goblins
  13 hobgoblins
  5 jackals
  2 quokkas
  9 bats
  12 frilled lizards
  7 kobolds
  A leopard gecko skeleton (D:6)
  13 rats
145 creatures vanquished.

Vanquished Creatures (others)
  An orc (D:7)
  A quokka (D:7)
2 creatures vanquished.

Grand Total: 147 creatures vanquished

Notes
Turn   | Place    | Note
-------+----------+-------------------------------------------
     0 | D:1      | galech the Demonspawn Fighter began the quest for the Orb.
     0 | D:1      | Reached XP level 1. HP: 18/18 MP: 1/1
   110 | D:1      | Gained mutation: You regenerate a little health from kills.
                  | [demonic ancestry]
   110 | D:1      | Reached XP level 2. HP: 13/24 MP: 2/2
   326 | D:1      | Reached skill level 2 in Axes
   734 | D:2      | Reached XP level 3. HP: 29/29 MP: 3/3
   850 | D:2      | Noticed Robin
  1044 | D:2      | Gained mutation: You have sharp toenails. [demonic
                  | ancestry]
  1044 | D:2      | Reached XP level 4. HP: 35/35 MP: 4/4
  1059 | D:2      | Reached skill level 3 in Axes
  1138 | D:2      | Killed Robin
  1648 | D:3      | Found a sacrificial altar of Ru.
  1695 | D:3      | Gained mutation: You are partially covered in large bone
                  | plates. (SH +4) [demonic ancestry]
  1695 | D:3      | Reached XP level 5. HP: 40/41 MP: 5/5
  2154 | D:4      | Reached skill level 1 in Dodging
  2736 | D:4      | Found Zin's Purification Station.
  2739 | D:4      | Found a glowing silver altar of Zin.
  3093 | D:5      | Entered Level 5 of the Dungeon
  3284 | D:5      | Noticed Blork the orc
  3291 | D:5      | Killed Blork the orc
  3291 | D:5      | Reached skill level 4 in Axes
  3291 | D:5      | Reached XP level 6. HP: 45/48 MP: 6/6
  3776 | D:5      | Found a burning altar of Makhleb.
  3776 | D:5      | Noticed a cacodemon
  3958 | D:6      | Found a hide-covered altar of Uskayaw.
  4026 | D:6      | Found a snail-covered altar of Cheibriados.
  4072 | D:6      | Reached XP level 7. HP: 43/53 MP: 7/7
  4266 | D:6      | Found a staircase to the Ecumenical Temple.
  4314 | Temple   | Entered the Ecumenical Temple
  4609 | D:6      | Reached skill level 5 in Axes
  5216 | D:7      | Noticed Duvessa
  5216 | D:7      | Noticed Dowan
  5221 | D:7      | Killed Duvessa
  5221 | D:7      | Reached XP level 8. HP: 60/60 MP: 8/8
  5227 | D:7      | Killed Dowan
  5331 | D:7      | Reached skill level 1 in Evocations
  5332 | D:7      | Reached skill level 5 in Armour
  5332 | D:7      | Reached skill level 5 in Shields
  5803 | D:7      | Found a shattered altar of Ashenzari.
  5810 | D:7      | Reached skill level 6 in Axes
  5964 | D:8      | Found a hazy altar of Hepliaklqana.
  6130 | D:8      | Noticed Prince Ribbit
  6191 | D:8      | Found a sparkling altar of Nemelex Xobeh.
  6314 | D:8      | HP: 1/91 [killer bee (5)]
  6314 | D:8      | Slain by a killer bee

Vault maps used:
D:1:      elethiomel_arrival_diamonds, patterned_corridor
D:2:      first_ration, minmay_lizard_pond, uniq_robin
D:3:      nicolae_ru_awakened_eye, grunt_decor_cap
D:4:      zin_purify
D:5:      makhleb_altar_promises_db, chequers_serial_rivers_room_a,
          chequers_serial_rivers_small_3, serial_park_tiny_pond,
          uniq_blork_the_orc
D:6:      eat_drink_and_be_merry_uskayaw, nicolae_overflow_hidden_temple,
          temple_doors_e, lemuel_old_faithful
D:7:      ashenzari_conservatory_becter, kennysheep_cross_room, uniq_duvessa
D:8:      elyvilon_altar_3, minitemple, old_standard_altar, david_nohive_1,
          uniq_prince_ribbit1
Temple:   minmay_temple_bridge_abc

Skill      XL: |  1  2  3  4  5  6  7  8 |
---------------+-------------------------+-----
Axes           | 2 3 4 5 6 |  6.7
Shields        | 3 4 5 |  5.4
Armour         | 3 4 5 |  5.8
Dodging        | 1 |  1.7
Fighting       | 4 |  4.5
Evocations     | 1 |  1.3
Stealth        | |  0.8

Action                   |  1- 3 |  4- 6 |  7- 9 || total
-------------------------+-------+-------+-------++-------
Melee: War axe           |   134 |   187 |   155 ||   476
       Kick              |       |    68 |    45 ||   113
       Hand axe          |       |     5 |       ||     5
 Abil: Evoke Berserk Rag |       |     1 |     4 ||     5
  Use: Scroll            |     1 |     4 |     1 ||     6
       Potion            |       |       |     8 ||     8
  Eat: Chunk             |     1 |    11 |     7 ||    19
       Ration            |       |       |     1 ||     1
Armor: Scale mail        |    65 |    59 |       ||   124
       Chain mail        |       |    33 |    85 ||   118
       Skin              |       |       |    44 ||    44
Dodge: Dodged            |    39 |    45 |    37 ||   121
Block: Shield            |    86 |   140 |   154 ||   380

Table legend:
 A = Non-vault XP
 B = Vault XP
 C = Vault XP percentage of total XP
 D = Non-vault monster count
 E = Vault monster count
 F = Vault count percentage of total count
                 A         B        C        D         E       F
            +---------+---------+-------+---------+---------+-------
      Total |    2052 |     565 |  21.6 |     112 |      33 |  22.8
            +---------+---------+-------+---------+---------+-------
        D:1 |      31 |       9 |  22.5 |      19 |       7 |  26.9
        D:2 |      84 |      43 |  33.9 |      28 |      20 |  41.7
        D:3 |      44 |       0 |   0.0 |      17 |       0 |   0.0
        D:4 |      97 |       0 |   0.0 |       8 |       0 |   0.0
        D:5 |     192 |     100 |  34.2 |      13 |       1 |   7.1
        D:6 |     492 |       0 |   0.0 |      10 |       0 |   0.0
        D:7 |     857 |     225 |  20.8 |      13 |       2 |  13.3
        D:8 |     255 |     188 |  42.4 |       4 |       3 |  42.9
            +---------+---------+-------+---------+---------+-------
